Map: New Repugnancy LE

Players

Lambo - Winner!

  • Race: Zerg Zerg
  • League: Grandmaster
  • Spawn Location: 1:00

HolyHit

  • Race: Protoss Protoss
  • League: Grandmaster
  • Spawn Location: 7:00

VOD

Have the link to the VOD?

Description

Time

  • Played on: Feb. 10, 2019, 5:42 a.m.
  • Length: 7:32
Show
View Real Time Build Order
Export as new Build Order

Lambo Zerg - Winner!

Build Orders: Hatch First 

Get SALT Encoding   

  12  0:01  Drone  
  13  0:12  Overlord  
  13  0:17  Drone  
  14  0:30  Drone x2  
  16  0:48  Hatchery  
  15  0:52  Drone  
  15  0:55  Drone  
  17  0:59  Drone  
  18  1:09  Extractor  
  17  1:13  Spawning Pool  
  17  1:17  Drone  
  17  1:20  Drone  
  18  1:29  Drone  
  19  1:42  Drone  
  20  1:50  Overlord  
  20  2:01  Queen x2  
  20  2:02  Zergling x4  
  26  2:09  Metabolic Boost  
  26  2:10  Drone  
  26  2:13  Drone  
  28  2:22  Drone  
  29  2:25  Drone  
  30  2:36  Hatchery  
  29  2:41  Drone x2  
  31  2:44  Drone  
  31  2:48  Overlord  
  32  2:57  Queen  
  34  3:01  Drone x2  
  36  3:07  Drone x2  
  36  3:15  Drone, Spore Crawler  
  36  3:16  Drone x2  
  38  3:23  Drone x3  
  41  3:27  Overlord  
  41  3:32  Overlord  
  41  3:34  Queen  
  43  3:46  Spore Crawler  
  43  3:47  Drone  
  43  3:48  Drone x3  
  44  3:49  Queen  
  48  3:57  Drone x2  
  49  4:03  Drone, Spore Crawler  
  49  4:04  Drone x3  
  49  4:08  Drone  
  49  4:09  Drone  
  54  4:11  Zergling x4  
  56  4:17  Overlord  
  56  4:21  Roach Warren  
  56  4:24  Drone x2  
  57  4:31  Extractor  
  57  4:32  Extractor, Overlord  
  57  4:33  Drone x2  
  57  4:35  Drone  
  57  4:38  Overlord  
  58  4:39  Drone  
  59  4:48  Lair, Drone x2  
  59  4:49  Drone x4  
  65  4:55  Drone x4  
  67  5:02  Drone x2  
  67  5:04  Drone  
  67  5:05  Drone  
  71  5:07  Evolution Chamber  
  71  5:08  Overlord  
  71  5:10  Overlord, Drone x2  
  72  5:15  Queen  
  72  5:18  Overlord  
  72  5:21  Overlord  
  74  5:25  Overlord  
  74  5:26  Extractor  
  74  5:27  Extractor  
  72  5:31  Roach x4  
  72  5:33  Roach  
  72  5:34  Overlord  
  82  5:37  Zerg Missile Weapons Level 1  
  82  5:39  Spore Crawler  
  82  5:41  Overlord  
  82  5:42  Roach  
  83  5:45  Roach  
  83  5:47  Glial Reconstitution  
  85  5:50  Queen  
  85  5:53  Queen  
  89  5:58  Nydus Network  
  89  6:01  Roach x3  
  94  6:11  Roach x5  
  100  6:12  Overlord  
  100  6:14  Zergling x4  
  100  6:17  Queen  
  106  6:20  Roach  
  106  6:24  Roach x3  
  114  6:30  Roach x2  
  116  6:33  Zergling x4  
  116  6:34  Zergling x4  
  116  6:35  Queen  
  116  6:37  Nydus Canal  
  116  6:38  Zergling x4  
  122  6:44  Roach, Zergling x2  
  122  6:45  Zergling x2  
  126  6:48  Roach  
  128  6:56  Roach x2  
  128  6:58  Roach  
  134  7:03  Roach, Nydus Canal  
  134  7:05  Roach  
  139  7:10  Zergling x6  
  142  7:28  Nydus Canal  
Show
View Real Time Build Order
Export as new Build Order

HolyHit Protoss 

Build Orders: 1 Gate Expand, Oracle Opening, Phoenix Opening 

Get SALT Encoding   

  12  0:00  Probe  
  13  0:12  Probe  
  14  0:22  Pylon  
  14  0:24  Probe  
  15  0:36  Probe  
  16  0:43  Gateway  
  16  0:44  Probe  
  17  0:50  Assimilator  
  17  0:55  Probe  
  18  1:07  Probe  
  19  1:19  Probe  
  20  1:26  Nexus  
  20  1:35  Cybernetics Core  
  20  1:38  Probe  
  21  1:42  Assimilator  
  21  1:50  Probe  
  21  1:52  Pylon  
  22  2:00  Probe  
  22  2:01  Adept  
  22  2:08  Probe  
  26  2:16  Probe  
  26  2:21  Stargate  
  27  2:28  Probe  
  28  2:31  Adept  
  28  2:34  Warp Gate  
  30  2:39  Probe  
  30  2:40  Probe  
  32  2:47  Probe  
  32  2:49  Pylon  
  33  2:52  Probe  
  33  2:56  Probe  
  34  3:01  Adept  
  34  3:04  Probe  
  38  3:06  Phoenix  
  38  3:08  Probe  
  41  3:17  Probe  
  42  3:20  Probe  
  42  3:26  Probe  
  41  3:30  Pylon  
  41  3:31  Adept  
  41  3:32  Probe  
  41  3:34  Probe  
  45  3:37  Assimilator  
  46  3:42  Assimilator  
  46  3:46  Gateway, Probe  
  50  3:48  Oracle  
  50  3:51  Probe  
  51  3:58  Probe  
  51  4:00  Stargate  
  52  4:04  Probe  
  53  4:11  Probe  
  53  4:12  Pylon  
  54  4:25  Pylon  
  54  4:30  Probe x2, Phoenix  
  58  4:37  Nexus  
  58  4:42  Probe x2  
  58  4:44  Pylon  
  60  4:46  Phoenix  
  62  4:54  Probe x2  
  62  4:58  Phoenix  
  66  5:04  Adept x2  
  66  5:06  Probe  
  66  5:07  Probe  
  72  5:10  Shield Battery  
  72  5:14  Phoenix  
  72  5:18  Probe  
  72  5:19  Probe  
  72  5:20  Pylon  
  76  5:34  Robotics Facility  
  76  5:35  Probe, Robotics Facility  
  76  5:38  Probe, Phoenix  
  76  5:39  Phoenix  
  82  5:43  Probe  
  82  5:45  Probe  
  85  5:57  Probe  
  85  5:59  Twilight Council, Probe  
  85  6:01  Forge  
  85  6:03  Phoenix  
  88  6:11  Probe  
  89  6:12  Probe  
  89  6:13  Phoenix  
  89  6:14  Probe  
  89  6:15  Immortal  
  89  6:18  Immortal  
  97  6:28  Pylon  
  99  6:34  Probe  
  100  6:42  Photon Cannon  
  100  6:45  Pylon  
  100  6:52  Photon Cannon  
  100  6:55  Photon Cannon  
  100  7:00  Gateway  
  104  7:02  Gateway  
  104  7:03  Adept, Zealot  
  81  7:28  Zealot x2  
Tags
 
Add a new tag
Caveats
  • Supply blocks, unpowered buildings, or Contaminate may cause inaccurate times.
  • Supply counts are checked every 10 seconds.